 Dungeon Crawl Stone Soup version 0.30-a0-924-g0ad0bf95bc (webtiles) character file.

Game seed: 5506803191474392810

24521 Allyalt the Marksfrog (level 13, 0/115 HPs)
             Began as a Barachi Hunter on Mar 22, 2023.
             Was a Follower of Ru.
             Killed from afar by a starcursed mass (7 damage)
             ... with an accursed screaming
             ... on level 2 of the Abyss.
             The game lasted 00:39:26 (15795 turns).

Allyalt the Marksfrog (Barachi Hunter)             Turns: 15795, Time: 00:39:27

Health: 0/115      AC: 15    Str: 12    XL:     13   Next: 13%
Magic:  13/13      EV: 24    Int: 10    God:    Ru [*.....]
Gold:   1389       SH:  0    Dex: 32    Spells: 12/12 levels left

rFire   . . .      SeeInvis .    p - +6 longbow of Eternal Harmony {speed, rC+ Dex+2}
rCold   + . .      Faith    +    (shield currently unavailable)
rNeg    . . .      Spirit   .    G - +0 steam dragon scales
rPois   .          Reflect  .    f - +2 hat
rElec   .          Rampage  .    e - +2 cloak
rCorr   .                        v - +2 pair of gloves
Will    .....                    y - +1 pair of boots
Stlth   +++                      H - amulet "Gaucs" {Faith Dex+3}
HPRegen 0.39/turn                c - +6 ring of dexterity
MPRegen 0.13/turn                o - ring of flight

@: mighty, unable to hop, flying, studying Staves, slow
A: amphibious, slowness 1, weak-willed 1, strong legs 2, +LOS
a: Hop, Renounce Religion


You were on level 2 of the Abyss.
You worshipped Ru.
Ru was aware of your devotion.
You visited 3 branches of the dungeon, and saw 15 of its levels.
You visited the Abyss 1 time.

You collected 1554 gold pieces.
You spent 165 gold pieces at shops.

Inventory:

Hand Weapons
 a - a +2 shortbow
 p - the +6 longbow of Eternal Harmony (weapon) {speed, rC+ Dex+2}
   (Okawaru gifted it to you on level 10 of the Dungeon)

   Dex:       It affects your dexterity (+2).
   rC:        It protects you from cold.
 u - the +5 woodcutter's axe
   (You found it on level 6 of the Dungeon)
 x - a +1 antimagic shortbow
Missiles
 A - a throwing net
Armour
 e - a +2 cloak (worn)
 f - a +2 hat (worn)
 v - a +2 pair of gloves (worn)
 y - a +1 pair of boots (worn)
 G - +0 steam dragon scales (worn)
Jewellery
 c - a +6 ring of dexterity (left hand)
 d - an amulet of reflection
 i - a ring of protection from fire
 j - a ring of willpower
 o - a ring of flight (right hand)
 s - a ring of fire
 w - an amulet of guardian spirit
 z - a ring of ice
 H - the amulet "Gaucs" (around neck) {Faith Dex+3}
   (You acquired it on level 9 of the Dungeon)

   [amulet of faith]

   It allows you to gain divine favour quickly.
   Dex:       It affects your dexterity (+3).
 J - the ring "Miuzotol" {rC++ rN++ rCorr Str-3}
   (You found it on level 12 of the Dungeon)

   [ring of resist corrosion]

   Str:       It affects your strength (-3).
   rC:        It greatly protects you from cold.
   rN:        It greatly protects you from negative energy.
   rCorr:     It protects you from acid and corrosion.
Wands
 l - a wand of mindburst (1)
 D - a wand of light (10)
 F - a wand of flame (25)
Scrolls
 b - 2 scrolls of immolation
 g - 2 scrolls of fear
 h - a scroll of teleportation
 m - 4 scrolls of amnesia
 r - a scroll of silence
 B - 2 scrolls of magic mapping
 C - 2 scrolls of identify
 I - a scroll of poison
Potions
 n - 2 potions of flight
 q - 2 potions of brilliance


   Skills:
 * Level 15.1 Fighting
 + Level 15.6 Ranged Weapons
 * Level 10.4 Dodging
 - Level 0.8 Stealth
 - Level 1.2 Shields


You had 12 spell levels left.
You didn't know any spells.
Your spell library contained the following spells:

 Spells                   Type           Power      Damage    Failure   Level
 Necrotise                Necr           0%         1d4       36%         1
 Cigotuvi's Dreadful Rot  Necr/Pois/Air  0%         N/A       50%         2
 Ensorcelled Hibernation  Hex/Ice        0%         N/A       50%         2
 Passwall                 Tmut/Erth      0%         N/A       50%         2
 Poisonous Vapours        Pois/Air       0%         N/A       50%         2
 Static Discharge         Conj/Air       0%         2-2/arc   50%         2
 Call Canine Familiar     Summ           0%         N/A       75%         3
 Mephitic Cloud           Conj/Pois/Air  0%         N/A       75%         3
 Portal Projectile        Hex/Tloc       0%         N/A       75%         3
 Swiftness                Air            0%         N/A       75%         3
 Vampiric Draining        Necr           0%         2d6       75%         3
 Vhi's Electric Charge    Tloc/Air       0%         N/A       75%         3
 Airstrike                Air            0%         2d(0-16)  98%         4
 Leda's Liquefaction      Hex/Erth       0%         N/A       98%         4
 Summon Lightning Spire   Summ/Air       0%         N/A       98%         4
 Agony                    Necr           0%         N/A       100%        5
 Arcjolt                  Conj/Air       0%         1d10      100%        5
 Plasma Beam              Fire/Air       0%         2x1d11    100%        5
 Summon Forest            Summ/Tloc      0%         N/A       100%        5
 Eringya's Noxious Bog    Tmut/Pois      0%         N/A       100%        6
 Simulacrum               Ice/Necr       0%         N/A       100%        6
 Summon Hydra             Summ           0%         N/A       100%        7
 Disjunction              Tloc           0%         N/A       100%        8


Dungeon Overview and Level Annotations

Branches:
Dungeon (13/15)            Temple (1/1) D:6            Lair (1/5) D:8
    Orc (0/2) D:12
 Vaults: D:13-14

Altars:
Ashenzari
Cheibriados
Dithmenos
Elyvilon
Fedhas
Gozag
Hepliaklqana
Kikubaaqudgha
Makhleb
Nemelex Xobeh
Okawaru
Qazlal
Ru
Sif Muna
Trog
Uskayaw
Vehumet
Wu Jian
Xom
Yredelemnul
Zin
The Shining One

Shops:
D:5 [


Innate Abilities, Weirdness & Mutations

You are amphibious.
You cover ground slowly.
You are slightly weak-willed. (Will-)
You can hop long distances.
You have an extended range of vision and can be seen from far away.


Message History

Fire: p) +6 longbow of Eternal Harmony {speed, rC+ Dex+2}
Press: ? - help, Shift-Dir - straight line, f/p - starcursed mass
Aim: a starcursed mass (severely damaged, 98% to hit)
You shoot an arrow. The arrow hits the starcursed mass!
The starcursed mass is almost destroyed.
The starcursed mass shudders and is absorbed by its neighbour.
A smoke demon comes into view.
Fire: p) +6 longbow of Eternal Harmony {speed, rC+ Dex+2}
Press: ? - help, Shift-Dir - straight line, f - smoke demon
Aim: a smoke demon (80% to hit)
You shoot an arrow. The arrow hits the smoke demon!!
The smoke demon is severely wounded.
A starcursed mass splits.
A chorus of shrieks assaults your mind.
* * * LOW HITPOINT WARNING * * *
Fire: p) +6 longbow of Eternal Harmony {speed, rC+ Dex+2}
Press: ? - help, Shift-Dir - straight line, f/p - smoke demon
Aim: a smoke demon (severely wounded, 80% to hit)
You shoot an arrow.
The arrow closely misses the smoke demon.
The arrow hits the starcursed mass.
The starcursed mass is almost destroyed.
The starcursed mass shudders and is absorbed by its neighbour.
The smoke demon is stunned by your conviction and fails to attack.
Unknown command.
Fire: p) +6 longbow of Eternal Harmony {speed, rC+ Dex+2}
Press: ? - help, Shift-Dir - straight line, f/p - smoke demon
Aim: a smoke demon (severely wounded, 80% to hit)
You shoot an arrow.
The arrow closely misses the smoke demon.
A starcursed mass splits.
A chorus of shrieks assaults your mind.
* * * LOW HITPOINT WARNING * * *
Hop to where?
Press: ? - help, Q - select action, (/) - cycle Dir - move target, p - smoke demon A small abomination comes into view.
Boing!
A starcursed mass splits.
A chorus of shrieks assaults your mind.
You die...

....# .. .
###...#'.
#☼#..#. . #
#..XN'.... #
###X3X'[.⌠..#
#.....'.... #
#.....#.... ..
#.....###..#..
#....@........
##.........x.#..
#.#..........##
. .
#..#####'###...#
†#. .. .# #. .#.
# ..# # . .#


You could see 3 starcursed masses, a salamander, a smoke demon and a small
abomination.

Vanquished Creatures
  A draconian monk (Abyss:2)
  A merfolk javelineer (D:12)
  A vault guard (D:13)
  Erolcha (D:12)
  2 two-headed ogres (D:8)
  A naga sharpshooter (D:8)
  A thrashing horror (Abyss:2)
  The ghost of math4jedi the Cleaver, a novice MiBe of Trog (D:6)
  Pikel (D:4)
  2 wizards
  2 cyclopes
  A deep elf pyromancer (D:13)
  2 ugly things (D:12)
  The ghost of domi the Destroyer, a novice DsCj (D:6)
  The ghost of sugarbear the Cutter, a novice VSGl of Uskayaw (D:6)
  An apocalypse crab (Abyss:2)
  The ghost of browni3141 the Firebug, a novice DsFE (D:6)
  3 unseen horrors
  Psyche (D:10)
  An ancient zyme (Abyss:2)
  3 merfolk (D:12)
  3 meliai (D:13)
  4 trolls
  A blink frog (D:8)
  Sigmund (D:3)
  2 shadows
  2 vampires (D:10)
  3 wraiths
  A wyvern (D:10)
  4 basilisks (D:8)
  Eustachio (D:5)
  14 yaks
  11 humans (D:13)
  A large abomination (Abyss:2)
  5 vampire mosquitoes
  A steam dragon (D:7)
  Menkaure (D:6)
  A naga (D:8)
  2 acid dragons
  3 water moccasins
  11 orc warriors
  A sky beast (D:5)
  An ice beast (D:4)
  3 ogres
  13 centaurs
  A lemure (D:5)
  4 phantoms
  4 kobold brigands
  5 bullfrogs
  4 scorpions
  5 wights (D:7)
  7 killer bees
  5 howler monkeys
  A gnoll bouda (D:9)
  3 orc priests
  3 hounds
  3 iguanas
  2 jellies
  9 orc wizards
  8 adders
  2 shadow imps
  2 ufetubi (D:7)
  3 worms
  A dart slug (D:1)
  45 orcs
  3 ball pythons
  10 bats
  11 endoplasms
  5 giant cockroaches
  7 hobgoblins
  2 jackals (D:5)
  6 quokkas
  6 frilled lizards
  11 goblins
  18 kobolds
  4 rats
  A fire vortex (D:12)
320 creatures vanquished.

Vanquished Creatures (others)
  A thrashing horror (Abyss:2)
  A kobold (D:7)
  A fungus (D:3)
3 creatures vanquished.

Grand Total: 323 creatures vanquished

Notes
Turn   | Place    | Note
-------+----------+-------------------------------------------
     0 | D:1      | Allyalt the Barachi Hunter began the quest for the Orb.
     0 | D:1      | Reached XP level 1. HP: 17/17 MP: 1/1
    69 | D:1      | Reached XP level 2. HP: 20/23 MP: 2/2
    91 | D:1      | Found a faded altar of an unknown god.
   276 | D:1      | Identified a scroll of acquirement
   276 | D:1      | Acquired 687 gold pieces
   361 | D:1      | Reached XP level 3. HP: 4/28 MP: 3/3
   926 | D:2      | You fall into a shaft and drop 1 floor!
  1158 | D:2      | Reached skill level 5 in Ranged Weapons
  1158 | D:2      | Reached XP level 4. HP: 29/35 MP: 4/4
  1479 | D:2      | Got Acaewej's Octavo of Stolen Souls and Wanderlust
  1774 | D:3      | Found a white marble altar of Elyvilon.
  1775 | D:3      | Noticed Sigmund
  1810 | D:3      | Killed Sigmund
  1811 | D:3      | Reached XP level 5. HP: 14/43 MP: 5/5
  1811 | D:3      | Reached XP level 6. HP: 16/49 MP: 6/6
  2031 | D:3      | Found a snail-covered altar of Cheibriados.
  2534 | D:4      | Found a glowing golden altar of the Shining One.
  2615 | D:4      | Reached skill level 5 in Fighting
  3044 | D:4      | Reached XP level 7. HP: 34/56 MP: 7/7
  3395 | D:5      | Entered Level 5 of the Dungeon
  3633 | D:5      | Noticed Pikel
  3687 | D:4      | HP: 2/58 [Pikel/+0 whip of flaming (10)]
  3692 | D:4      | Killed Pikel
  3693 | D:4      | Reached skill level 1 in Shields
  3693 | D:4      | Reached XP level 8. HP: 3/67 MP: 8/8
  4399 | D:5      | Found a hide-covered altar of Uskayaw.
  4420 | D:5      | Found a radiant altar of Vehumet.
  4440 | D:5      | Reached skill level 5 in Dodging
  4691 | D:5      | Found Etusieze's Armour Shop.
  4701 | D:5      | Bought a +2 pair of gloves for 165 gold pieces
  4718 | D:5      | Reached XP level 9. HP: 58/74 MP: 1/9
  5030 | D:5      | Noticed Eustachio
  5057 | D:5      | Killed Eustachio
  5426 | D:6      | Found the +5 woodcutter's axe
  5446 | D:6      | Found a staircase to the Ecumenical Temple.
  5559 | Temple   | Entered the Ecumenical Temple
  5654 | Temple   | Became a worshipper of Warmaster Okawaru
  5706 | D:6      | Noticed Menkaure
  5711 | D:6      | Killed Menkaure
  5894 | D:6      | Reached skill level 10 in Ranged Weapons
  6089 | D:6      | Found a glowing silver altar of Zin.
  6155 | D:6      | Found a runed translucent gate.
  6156 | D:6      | Found a runed translucent gate.
  6157 | D:6      | Found a runed translucent gate.
  6159 | D:6      | Noticed domi's ghost (novice DsCj)
  6159 | D:6      | Noticed math4jedi's ghost (novice MiBe)
  6160 | D:6      | Noticed browni3141's ghost (novice DsFE)
  6160 | D:6      | Noticed sugarbear's ghost (novice VSGl)
  6247 | D:6      | Killed browni3141's ghost
  6251 | D:6      | Killed sugarbear's ghost
  6251 | D:6      | Reached * piety under Okawaru
  6251 | D:6      | Killed math4jedi's ghost
  6251 | D:6      | Reached ** piety under Okawaru
  6252 | D:6      | Reached XP level 10. HP: 83/83 MP: 10/10
  6253 | D:6      | Killed domi's ghost
  6822 | D:7      | Reached skill level 10 in Fighting
  7684 | D:7      | Reached *** piety under Okawaru
  7744 | D:8      | Noticed a two-headed ogre
  7769 | D:8      | Killed a two-headed ogre
  8125 | D:8      | Noticed a cyclops
  8142 | D:8      | Reached **** piety under Okawaru
  8412 | D:8      | Noticed a two-headed ogre
  8483 | D:8      | Killed a two-headed ogre
  8484 | D:8      | Reached XP level 11. HP: 42/93 MP: 4/11
  8921 | D:8      | Reached ***** piety under Okawaru
  9039 | D:8      | Found a hazy altar of Hepliaklqana.
  9044 | D:8      | Found a blossoming altar of Fedhas.
  9044 | D:8      | Found a shimmering altar of Xom.
  9049 | D:8      | Found an opulent altar of Gozag.
  9214 | D:8      | Killed a cyclops
  9361 | D:8      | Found a staircase to the Lair.
  9650 | D:9      | Acquired the amulet "Gaucs" {Faith Dex+3}
 10694 | D:10     | Entered Level 10 of the Dungeon
 10716 | D:10     | Noticed Psyche
 10727 | D:10     | Killed Psyche
 11100 | D:10     | Found an ornate altar of the Wu Jian Council.
 11128 | D:10     | Identified the +6 longbow of Eternal Harmony {speed, rC+
                  | Dex+2} (Okawaru gifted it to you on level 10 of the
                  | Dungeon)
 11128 | D:10     | Received a gift from Okawaru
 11335 | D:10     | Noticed a wizard
 11338 | D:10     | Killed a wizard
 11551 | D:10     | Found a sacrificial altar of Ru.
 11580 | D:10     | Fell from the grace of Okawaru
 11580 | D:10     | Became a worshipper of Ru the Awakened
 11669 | D:10     | Reached XP level 12. HP: 79/103 MP: 12/12
 12283 | Lair:1   | Entered Level 1 of the Lair of Beasts
 12367 | D:8      | Noticed a frost giant
 12367 | D:8      | Noticed a naga warrior
 12367 | D:8      | Noticed a naga sharpshooter
 12367 | D:8      | Noticed a naga warrior
 12371 | D:8      | Noticed a naga sharpshooter
 12707 | D:8      | Killed a naga sharpshooter
 12725 | D:8      | You are sucked into a shaft and drop 2 floors!
 13957 | D:11     | Noticed a centaur warrior
 13957 | D:11     | Noticed a merfolk javelineer
 14101 | D:12     | Noticed Erolcha
 14112 | D:12     | Killed Erolcha
 14140 | D:12     | Found a staircase to the Orcish Mines.
 14170 | D:12     | Gained mutation: You are slightly weak-willed. (Will-) [Ru
                  | sacrifice]
 14170 | D:12     | Reached * piety under Ru
 14360 | D:12     | Identified the ring "Miuzotol" {rC++ rN++ rCorr Str-3}
 14404 | D:12     | Noticed an orc warlord
 14404 | D:12     | Noticed an orc warlord
 14559 | D:12     | Noticed a minotaur
 14559 | D:12     | Noticed a merfolk javelineer
 14559 | D:12     | Noticed an orc warlord
 14758 | D:12     | Killed a merfolk javelineer
 14770 | D:12     | Noticed a naga warrior
 14774 | D:13     | Noticed an eight-headed hydra
 15265 | D:13     | Identified the +1 leather armour of Lust {Harm rPois rC+++}
 15551 | D:13     | Identified the +5 ring mail "Cuurhen" {rC+ rCorr Slay+3}
 15555 | D:13     | Identified the +3 scale mail of Leapfrog {rF+}
 15586 | D:13     | Reached skill level 10 in Dodging
 15593 | D:13     | Reached skill level 15 in Ranged Weapons
 15606 | D:13     | Noticed a vault guard
 15614 | D:13     | Noticed a vault guard
 15615 | D:13     | Noticed a vault guard
 15619 | D:13     | Killed a vault guard
 15620 | Abyss:2  | Cast into level 2 of the Abyss (a wizard)
 15681 | Abyss:2  | Noticed a green draconian monk
 15700 | Abyss:2  | Killed a green draconian monk
 15701 | Abyss:2  | Gained mutation: You can hop long distances. [Barachi
                  | growth]
 15701 | Abyss:2  | Reached XP level 13. HP: 22/114 MP: 13/13
 15717 | Abyss:2  | Reached skill level 15 in Fighting
 15778 | Abyss:2  | Noticed a starcursed mass
 15795 | Abyss:2  | Killed from afar by a starcursed mass

Illustrated notes

Levels and vault maps discovered:
D:1:      beargit_arrival_diablo_church, layout_rooms,
          shapermc_ecumenical_altar_acropolis, glass_columns_c
D:2:      layout_rooms, hangedman_feature_mirror,
          nicolae_elevator_lobby_asterisk
D:3:      layout_basic, mainiacjoe_overflow_catwalk, amcnicky_altar_gilded,
          minmay_misc_feat_five, dreamdust_mushroom_princess, uniq_sigmund
D:4:      layout_loops_corners, mainiacjoe_overflow_tiny_flanked,
          minmay_misc_feat_chi
D:5:      layout_basic, kennysheep_mini, vehumet_crystals, serial_shops,
          nicolae_diamond_shop, minmay_misc_feat_room, glass_columns_a,
          uniq_eustachio, uniq_pikel
D:6:      layout_gridville, mainiacjoe_overflow_chevrons,
          minmay_temple_entry_hall, gammafunk_ghost_cemetery, uniq_menkaure
D:7:      layout_basic
D:8:      minmay_evil_eye, layout_rooms, minitemple, erik_lair_dragon
D:9:      layout_basic, minmay_misc_feat_secret_circle, st_stairs_2,
          minmay_quadrilaterals
D:10:     layout_roguey, nicolae_ru_awakened_eye, kennysheep_mini_moat,
          minmay_microvault, uniq_psyche
D:11:     layout_cave_pods, grunt_ogre_cave
D:12:     layout_basic, david_orc_2, uniq_erolcha
D:13:     layout_roguey, grunt_vaults_entry_tiered, special_room
          [special_room_orc]
Temple:   zaba_magenta_temple
Lair:1:   layout_chaotic_city
Abyss:2:  base: D:6, minivault_11

Skill      XL: |  1  2  3  4  5  6  7  8  9 10 11 12 13 |
---------------+----------------------------------------+-----
Fighting       | 3 4 5 7 9 11 12 14 15 | 15.1
Ranged Weapons | 5 6 8 11 12 13 15 | 15.6
Dodging        | 3 4 5 6 8 9 10 | 10.4
Shields        | 1 |  1.2
Stealth        | |  0.8

Action                     |  1- 3 |  4- 6 |  7- 9 | 10-12 | 13-15 || total
---------------------------+-------+-------+-------+-------+-------++-------
  Melee: Shortbow          |       |     2 |       |       |       ||     2
   Fire: Shortbow          |    85 |   158 |   288 |   527 |       ||  1058
         Longbow           |       |       |       |   535 |    28 ||   563
 Invoke: Sacrifice Essence |       |       |       |     1 |       ||     1
Ability: Hop               |     2 |     4 |    14 |    25 |     1 ||    46
    Use: Scroll            |     8 |     5 |    10 |    17 |       ||    40
         Potion            |     3 |     4 |     1 |    12 |     1 ||    21
 Armour: Leather armour    |    24 |    26 |    22 |    35 |       ||   107
         Steam dragon scal |       |       |       |   109 |     1 ||   110
         Skin              |       |       |       |    20 |       ||    20
  Dodge: Dodged            |    40 |    42 |    69 |   376 |     3 ||   530
  Block: Other             |       |     9 |    25 |       |       ||    34
         Reflection        |       |       |     1 |       |       ||     1

Table legend: (Time is in decaauts)
 A = Elapsed time spent in this place.
 B = Non-inter-level travel time spent in this place.
 C = Inter-level travel time spent in this place.
 D = Time resting spent in this place.
 E = Time spent auto-exploring this place.
 F = Levels seen in this place.
 G = Mean time per level.
                   A        B        C        D        E       F      G
               +--------+--------+--------+--------+--------+-----+--------+
         Total |  16955 |  16406 |    549 |   6170 |   6990 |  16 | 1059.7 |
       Dungeon |  16665 |  16117 |    548 |   6057 |   6984 |  13 | 1281.9 |
        Temple |    132 |    132 |      0 |      0 |      6 |   1 |  132.0 |
          Lair |      1 |      1 |      0 |      0 |      0 |   1 |    1.0 |
         Abyss |    155 |    155 |      0 |    113 |      0 |   1 |  155.0 |
               +--------+--------+--------+--------+--------+-----+--------+

Top non-repeatable levels by time:
     D:8: 2458 daAuts
     D:4: 1979 daAuts
    D:10: 1832 daAuts
     D:7: 1346 daAuts
     D:9: 1339 daAuts
     D:6: 1323 daAuts
     D:5: 1086 daAuts
     D:1: 997 daAuts
     D:3: 989 daAuts
    D:11: 937 daAuts
    D:12: 851 daAuts
    D:13: 834 daAuts
     D:2: 689 daAuts
 Abyss:2: 155 daAuts
  Temple: 132 daAuts
